 Dungeon Crawl Stone Soup version 0.18.1-5-g4a78601 (webtiles) character file.

2691 mopl the Covert (level 9, 17/51 HPs)
             Began as a High Elf Enchanter on May 11, 2016.
             Quit the game on level 7 of the Dungeon.
             The game lasted 00:13:36 (6369 turns).

mopl the Covert (High Elf Enchanter)                Turns: 6369, Time: 00:13:37

Health: 17/51      AC:  6    Str:  7    XL:     9   Next: 38%
Magic:  17/17      EV: 13    Int: 23    God:
Gold:   8          SH:  5    Dex: 21    Spells: 5 memorised, 6 levels left

rFire  . . .     SeeInvis .     a - +2 rapier (venom)
rCold  + . .     Gourm    .     I - +1 robe
rNeg   . . .     Faith    .     H - +0 buckler
rPois  .         Spirit   .     S - +0 hat "Hejijuj" {rElec Int+2 Slay+2} (curse)
rElec  +         Dismiss  .     y - +0 cloak
rCorr  .         Reflect  .     R - +0 pair of gloves {Dex+3}
SustAt .         Harm     .     w - +0 pair of boots
MR     .....                    (no amulet)
Stlth  ++++......               (no ring)
                                E - ring of protection from cold

@: not resistant to hostile enchantments, stealthy
A: no striking features
a: no special abilities


You were on level 7 of the Dungeon.
You were not hungry.

You visited 2 branches of the dungeon, and saw 8 of its levels.

You collected 290 gold pieces.
You spent 282 gold pieces at shops.

Inventory:

Hand Weapons
 a - a +2 rapier of venom (weapon)
 b - a +0 blowgun
 i - a +1 dagger
 T - a +2 vampiric rapier
Missiles
 l - 4 javelins (quivered)
 n - 24 poisoned needles
Armour
 w - a +0 pair of boots (worn)
 y - a +0 cloak (worn)
 H - a +0 buckler (worn)
 I - a +1 robe (worn)
 R - a +0 pair of gloves of dexterity (worn)
 S - the cursed +0 hat "Hejijuj" (worn) {rElec Int+2 Slay+2}
   (You found it on level 7 of the Dungeon)

   It affects your intelligence (+2).
   It affects your accuracy and damage with ranged weapons and melee attacks
   (+2).
   It insulates you from electricity.
   It has a curse placed upon it.
Jewellery
 E - a ring of protection from cold (left hand)
 F - an uncursed ring of ice
Wands
 J - a wand of acid (6/15)
 O - a wand of disintegration (19/24)
 P - a wand of polymorph (11/24)
 U - a wand of iceblast (7/15)
Scrolls
 e - a scroll of blinking {unknown}
 f - 2 scrolls of remove curse {unknown}
 g - 4 scrolls of teleportation {unknown}
 o - 2 scrolls of fog {unknown}
 p - 5 scrolls of identify {unknown}
 s - 2 scrolls of magic mapping {unknown}
 t - a scroll of silence {unknown}
 u - a scroll of immolation {unknown}
 v - 4 scrolls of fear {unknown}
 x - a scroll of amnesia {unknown}
 B - a scroll of random uselessness {unknown}
 L - a scroll of noise {unknown}
 Q - a scroll of enchant weapon {unknown}
Potions
 j - 2 potions of might {unknown}
 k - a potion of cancellation {unknown}
 m - a potion of magic {unknown}
 q - a potion of lignification {unknown}
 r - a potion of curing {unknown}
 z - a potion of beneficial mutation {unknown}
 C - 2 potions of haste {unknown}
 D - 3 potions of flight {unknown}
 G - a potion of ambrosia {unknown}
 K - a potion of berserk rage {unknown}
 M - a potion of degeneration {unknown}
 N - 3 potions of heal wounds
Books
 c - a book of Maledictions

   Spells                             Type                      Level
   a - Corona                         Hexes                        1
   b - Ensorcelled Hibernation        Hexes/Ice                    2
   c - Confuse                        Hexes                        3
   d - Tukima's Dance                 Hexes                        3
   e - Dazzling Spray                 Conjuration/Hexes            3
Comestibles
 d - 5 bread rations
 h - 6 meat rations
 A - 4 slices of pizza


   Skills:
 + Level 5.6 Short Blades
 - Level 2.1 Dodging
 * Level 8.2 Stealth
 + Level 2.5 Shields
 - Level 5.0 Spellcasting
 + Level 4.3 Conjurations
 * Level 7.0 Hexes
 + Level 4.4 Ice Magic


You had 6 spell levels left.
You knew the following spells:

 Your Spells              Type           Power        Failure   Level  Hunger
a - Corona                Hex            #####..      1%          1    None
b - Ensorcelled Hibernat  Hex/Ice        ####..       1%          2    None
c - Confuse               Hex            #####...     1%          3    ##.....
d - Tukima's Dance        Hex            #####...     1%          3    ##.....
g - Dazzling Spray        Conj/Hex       ####....     4%          3    ##.....


Dungeon Overview and Level Annotations

Branches:
Dungeon (7/15)             Temple (1/1) D:4

Altars:
Ashenzari
Cheibriados
Elyvilon
Fedhas
Gozag
Kikubaaqudgha
Makhleb
Nemelex Xobeh
Okawaru
Pakellas
Qazlal
Ru
Sif Muna
Trog
Xom
Yredelemnul
Zin
The Shining One

Shops:
D:6 [   D:7 *

Annotations:
D:3 dig


Message History

You feel sick.
You feel sick.
You feel sick.
You feel sick.
There is an escape hatch in the ceiling here.
Unknown command.
Eating a chunk of flesh.
This raw flesh tastes terrible.
You continue eating. x2
You feel sick.
There is a stone staircase leading down here.
You feel sick.
You feel sick.
You are no longer poisoned.
There is an entrance to Ygur's Assorted Antiques here.
O - a wand of disintegration Thank you for shopping at Ygur's Assorted Antiques!
You can access your shopping list by pressing '$'.
Evoke which item? (* to show all) (? for menu, Esc to quit)
Okay, then.
Are you sure you want to abandon this character and quit the game? (Confirm with "yes".)

#.....# #..# #.#
#.....# #..######
#.#
#.....####........
..#
#............#####
###.######..## #.#
#..# #.##
#..########
#..#####.........#
##.#.##.@.....###
#...#.#..##.#.#
##...##.###.#.#
...####.###.###.#.#
#...........##.#[###
######.###..##.#...#
#.# #..##.....# #.#
#..####.).# ###.#
#..# #..##


There were no monsters in sight!

Vanquished Creatures
  The ghost of Zhenya25pyc the Cudgeler, a novice GrFi of Okawaru (D:7)
  Sigmund (D:2)
  Eustachio (D:6)
  Menkaure (D:5)
  3 ogres
  2 orc warriors
  A phantom (D:5)
  4 giant frogs
  A gnoll sergeant (D:4)
  2 scorpions
  A crimson imp (D:7)
  3 orc priests
  A hound (D:6)
  4 jellies
  4 orc wizards
  Crazy Yiuf (D:2)
  An iguana (D:4)
  3 worker ants
  3 worker ant zombies
  Robin (D:2)
  3 gnolls
  A howler monkey zombie (D:6)
  12 adders
  2 shadow imps
  An adder skeleton (D:6)
  An adder zombie (D:4)
  6 worms
  A dart slug (D:2)
  5 giant geckos
  28 orcs
  4 giant cockroaches
  7 hobgoblins
  4 jackals (D:3)
  4 quokkas
  A ball python (D:3)
  5 bats
  A giant gecko zombie (D:6)
  9 giant newts
  23 goblins
  A jackal skeleton (D:4)
  7 kobolds
  A quokka skeleton (D:4)
  3 rats (D:1)
169 creatures vanquished.

Notes
Turn   | Place    | Note
--------------------------------------------------------------
     0 | D:1      | mopl the High Elf Enchanter began the quest for the Orb.
     0 | D:1      | Reached XP level 1. HP: 11/11 MP: 4/4
   332 | D:2      | Noticed Sigmund
   379 | D:2      | Reached XP level 2. HP: 15/17 MP: 6/6
   392 | D:1      | Learned a level 2 spell: Ensorcelled Hibernation
   900 | D:1      | Reached skill level 2 in Short Blades
  1039 | D:1      | Reached XP level 3. HP: 12/21 MP: 7/7
  1044 | D:1      | Learned a level 3 spell: Confuse
  1635 | D:2      | Noticed Robin
  1637 | D:2      | Reached skill level 4 in Stealth
  1637 | D:2      | Reached skill level 1 in Ice Magic
  1683 | D:2      | Reached XP level 4. HP: 14/27 MP: 3/9
  1689 | D:2      | Reached skill level 3 in Spellcasting
  1694 | D:2      | Killed Robin
  1904 | D:2      | Found a bloodstained altar of Trog.
  1978 | D:2      | Killed Sigmund
  1978 | D:2      | Reached skill level 4 in Hexes
  1978 | D:2      | Reached XP level 5. HP: 31/31 MP: 9/11
  2004 | D:2      | Learned a level 3 spell: Tukima's Dance
  2058 | D:2      | Noticed Crazy Yiuf
  2062 | D:2      | Killed Crazy Yiuf
  2062 | D:2      | Reached skill level 3 in Short Blades
  2062 | D:2      | Reached skill level 2 in Ice Magic
  2062 | D:2      | Reached XP level 6. HP: 36/36 MP: 12/12
  2700 | D:3      | Reached skill level 5 in Stealth
  2705 | D:3      | Learned a level 3 spell: Dazzling Spray
  3172 | D:3      | Found a glowing silver altar of Zin.
  3455 | D:4      | Found a shimmering altar of Xom.
  3463 | D:4      | Found a blossoming altar of Fedhas.
  3471 | D:4      | Reached XP level 7. HP: 41/41 MP: 8/13
  3658 | D:4      | Found a staircase to the Ecumenical Temple.
  3676 | Temple   | Entered the Ecumenical Temple
  3834 | D:4      | Found a shattered altar of Ashenzari.
  3846 | D:4      | Reached skill level 1 in Conjurations
  3897 | D:4      | Reached skill level 5 in Hexes
  4152 | D:4      | Reached skill level 4 in Spellcasting
  4447 | D:4      | Reached skill level 4 in Short Blades
  4557 | D:5      | Entered Level 5 of the Dungeon
  4560 | D:5      | Noticed Menkaure
  4571 | D:5      | Killed Menkaure
  4571 | D:5      | Reached skill level 6 in Stealth
  4573 | D:5      | Reached skill level 2 in Conjurations
  4698 | D:4      | Reached skill level 3 in Ice Magic
  4815 | D:5      | Reached XP level 8. HP: 38/46 MP: 2/15
  4881 | D:5      | Found a stormy altar of Qazlal.
  4881 | D:5      | Found an iron altar of Okawaru.
  4882 | D:5      | Found a basalt altar of Yredelemnul.
  5302 | D:6      | Found an oddly glowing altar of Pakellas.
  5321 | D:6      | Reached skill level 1 in Shields
  5321 | D:6      | Reached skill level 3 in Conjurations
  5399 | D:6      | Found Lumper's Armour Boutique.
  5404 | D:6      | Bought a +0 pair of gloves of dexterity for 126 gold pieces
  5432 | D:6      | Found a burning altar of Makhleb.
  5574 | D:6      | Noticed Eustachio
  5582 | D:6      | Killed Eustachio
  5582 | D:6      | Reached skill level 7 in Stealth
  5582 | D:6      | Reached skill level 6 in Hexes
  5599 | D:6      | Reached skill level 5 in Short Blades
  5840 | D:6      | Reached skill level 5 in Spellcasting
  5945 | D:7      | Reached skill level 2 in Shields
  5959 | D:7      | Got a fine hat
  5970 | D:7      | Identified the cursed +0 hat "Hejijuj" {rElec Int+2 Slay+2} (You found it on level 7 of the Dungeon)
  5973 | D:7      | Found Ygur's Assorted Antiques.
  5979 | D:7      | Bought a scroll labeled ISAEZU NUAW for 26 gold pieces
  5979 | D:7      | Bought a scroll labeled HIEBBOCSITZ for 26 gold pieces
  6017 | D:7      | Reached XP level 9. HP: 46/51 MP: 14/17
  6021 | D:7      | Reached skill level 4 in Ice Magic
  6041 | D:7      | Noticed Zhenya25pyc's ghost (novice GrFi)
  6080 | D:7      | Killed Zhenya25pyc's ghost
  6080 | D:7      | Reached skill level 4 in Conjurations
  6186 | D:7      | Reached skill level 8 in Stealth
  6253 | D:7      | Reached skill level 7 in Hexes
  6369 | D:7      | Bought a lead wand for 104 gold pieces
  6369 | D:7      | Quit the game

Skill      XL: |  1  2  3  4  5  6  7  8  9 |
---------------+----------------------------+-----
Short Blades   | 2 3 4 5 |  5.6
Stealth        | 4 5 6 7 8 |  8.2
Ice Magic      | 1 2 3 4 |  4.4
Spellcasting   | 3 4 5 |  5.0
Hexes          | 4 5 6 7 |  7.0
Conjurations   | 2 3 4 |  4.3
Shields        | 2 |  2.5
Dodging        | |  2.1

Action                   |  1- 3 |  4- 6 |  7- 9 || total
-------------------------+-------+-------+-------++-------
Melee: Dagger            |    25 |       |       ||    25
       Short sword       |    73 |   164 |   159 ||   396
       Rapier            |       |       |    62 ||    62
 Cast: Corona            |     4 |       |       ||     4
       Ensorcelled Hiber |     8 |    14 |    26 ||    48
       Confuse           |       |     2 |    13 ||    15
  Use: Potion            |       |       |     1 ||     1
 Stab: Sleeping          |    13 |    19 |    28 ||    60
       Confused          |       |       |    12 ||    12
  Eat: Chunk             |     2 |     7 |    11 ||    20
Armor: Robe              |    32 |    41 |    67 ||   140
Dodge: Dodged            |    54 |    91 |   103 ||   248
Block: Buckler           |       |       |    15 ||    15
